 Dungeon Crawl Stone Soup version 0.32-a0-918-g0f22ef8d61 (webtiles) character file.

Game seed: 16022864588688363188

1590280 ragingrage the Impaler (level 27, 257/257 HPs)
             Began as a Merfolk Monk on Apr 11, 2024.
             Was the Champion of Nemelex Xobeh.
             Escaped with the Orb
             ... and 3 runes!
             The game lasted 01:37:50 (75791 turns).

ragingrage the Impaler (Merfolk Monk)              Turns: 75791, Time: 01:37:50

Health: 257/257    AC: 36    Str: 23 (24) XL:     27
Magic:  31/31      EV: 31    Int: 14      God:    Nemelex Xobeh [******]
Gold:   2715       SH: 21    Dex: 22      Spells: 21/36 levels left

rFire   + . .        a - +6 demon trident (heavy)
rCold   + + .        r - +5 kite shield {AC+3}
rNeg    + + .        l - melded +6 chain mail "Ethrojiy" {rPois rF+ rC+}
rPois   ∞            N - +2 hat
rElec   +            H - +0 cloak of Quantum Leap {^Drain rF+ rC+ rN+}
rCorr   .            n - melded +2 pair of gloves
SInv    +            m - melded +1 pair of boots "Lanin" {+Inv rC- Str+7}
Will    ++++.        i - amulet of Kimmit {rElec rC+ Regen+ Str+3}
Stlth   ++           T - ring of Raguxaq {+Blink Fly rElec EV+5}
HPRegen 1.42/turn    w - ring "Horebeh" {Wiz Str+3 Dex+3 SInv}
MPRegen 0.22/turn

%: clarity, wizardry (x1)
@: statue-form, flying, studying Ice Magic, very slow
A: slow and powerful, torment resistance 1, boosted hp, (nimble swimmer 2),
mertail, beak, clarity, clever 1, deterioration 1, frail 1, low MP 1,
strong-willed 2, weak 1
0: Orb of Zot
}: 3/15 runes: serpentine, barnacled, abyssal
a: Begin Untransformation, Renounce Religion, Evoke Blink, Draw Escape, Draw
Destruction, Draw Summoning, Draw Stack, Triple Draw, Deal Four, Stack Five


You escaped.
You worshipped Nemelex Xobeh.
Nemelex Xobeh was exalted by your worship.
You were a living statue of rough stone.
You visited 10 branches of the dungeon, and saw 47 of its levels.
You visited the Abyss 5 times.
You visited 1 bazaar.
You also visited: Gauntlet and Ice Cave.

You collected 8381 gold pieces.
You spent 5666 gold pieces at shops.

Inventory:

Hand Weapons
 a - a +6 heavy demon trident (weapon)
 b - a +9 demon trident of distortion
Missiles
 x - 14 curare-tipped darts
 z - 23 silver javelins
 P - 6 throwing nets
 R - 13 javelins (quivered)
Armour
 l - the +6 chain mail "Ethrojiy" (melded) {rPois rF+ rC+}
   (You found it on level 4 of the Shoals)

   rF+:       It protects you from fire.
   rC+:       It protects you from cold.
   rPois:     It protects you from poison.
 m - the +1 pair of boots "Lanin" (melded) {+Inv rC- Str+7}
   (You bought it in a shop on level 7 of the Dungeon)

   Str+7:     It affects your strength (+7).
   rC-:       It makes you vulnerable to cold.
   +Inv:      It lets you turn invisible.
 n - a +2 pair of gloves (melded)
 r - a +5 kite shield of protection (worn)
 H - the +0 cloak of Quantum Leap (worn) {^Drain rF+ rC+ rN+}
   (You acquired it on level 1 of the Lair of Beasts)

   rF+:       It protects you from fire.
   rC+:       It protects you from cold.
   rN+:       It protects you from negative energy.
   ^Drain:    It drains your maximum health when unequipped.
 N - a +2 hat (worn)
 Q - a +2 helmet
Jewellery
 i - an amulet of Kimmit (around neck) {rElec rC+ Regen+ Str+3}
   (You took it off a minotaur in a Gauntlet)

   [amulet of regeneration]

   Str+3:     It affects your strength (+3).
   rC+:       It protects you from cold.
   rElec:     It insulates you from electricity.
   Regen+:    It increases your rate of health regeneration.
 w - the ring "Horebeh" (right fist) {Wiz Str+3 Dex+3 SInv}
   (You found it on level 4 of the Realm of Zot)

   [ring of wizardry]

   Wiz:       It improves your spell success rate.
   Str+3:     It affects your strength (+3).
   Dex+3:     It affects your dexterity (+3).
   SInv:      It lets you see invisible.
 T - the ring of Raguxaq (left fist) {+Blink Fly rElec EV+5}
   (You found it on level 8 of the Dungeon)

   [ring of evasion]

   EV+5:      It affects your evasion (+5).
   rElec:     It insulates you from electricity.
   Fly:       It grants you flight.
   +Blink:    It lets you blink.
Talismans
 d - a granite talisman (active)
Wands
 A - a wand of quicksilver (15)
 V - a wand of digging (12)
 W - a wand of paralysis (36)
 X - a wand of roots (30)
Scrolls
 g - 11 scrolls of fear
 h - 9 scrolls of revelation
 j - 12 scrolls of teleportation
 k - 13 scrolls of vulnerability
 o - 3 scrolls of silence
 t - 10 scrolls of fog
 u - 7 scrolls of noise
 F - a scroll of enchant armour
 I - 13 scrolls of poison
 K - 8 scrolls of immolation
 M - a scroll of butterflies
 S - 3 scrolls of torment
 Y - 3 scrolls of blinking
Potions
 c - a potion of ambrosia
 e - 5 potions of might
 f - 19 potions of curing
 p - 9 potions of lignification
 q - a potion of mutation
 s - 4 potions of resistance
 v - 3 potions of magic
 B - 10 potions of brilliance
 C - 7 potions of haste
 D - 4 potions of heal wounds
 L - 8 potions of attraction
 O - 5 potions of enlightenment
 U - a potion of berserk rage
 Z - 3 potions of invisibility
Miscellaneous
 y - a box of beasts
 E - a Gell's gravitambourine (2/2)
 G - a phantom mirror
 J - a condenser vane


   Skills:
 - Level 19.0 Fighting
 - Level 19.8 Polearms
 - Level 9.6 Throwing
 - Level 7.1 Armour
 - Level 19.0 Dodging
 + Level 11.8 Stealth
 - Level 19.0 Shields
 - Level 5.0 Spellcasting
 - Level 5.0 Hexes
 - Level 16.0 Necromancy
 - Level 9.0 Translocations
 - Level 9.0 Air Magic
 - Level 16.0 Invocations
 - Level 14.0 Evocations
 - Level 19.0 Shapeshifting


You had 21 spell levels left.
You knew the following spells:

 Your Spells              Type           Power      Damage    Failure   Level
a - Fugue of the Fallen   Necr           48%        N/A       1%          3
b - Death Channel         Necr           24%        N/A       1%          6
c - Blink                 Tloc           56%        N/A       1%          2
f - Vhi's Electric Charg  Tloc/Air       56%        N/A       2%          4

Your spell library contained the following spells:

 Spells                   Type           Power      Damage    Failure   Level
 Apportation              Tloc           56%        N/A       1%          1
 Kiss of Death            Conj/Necr      100%       2d13      1%          1
 Shock                    Conj/Air       64%        1d7       1%          1
 Cigotuvi's Dreadful Rot  Necr/Alch/Air  52%        N/A       1%          2
 Jinxbite                 Hex            34%        N/A       1%          2
 Lesser Beckoning         Tloc           56%        N/A       1%          2
 Swiftness                Air            28%        N/A       1%          3
 Teleport Other           Tloc           28%        N/A       1%          3
 Animate Dead             Necr           48%        N/A       1%          4
 Dispel Undead            Necr           48%        3d18      1%          4
 Momentum Strike          Conj/Tloc      32%        3d8       2%          2
 Airstrike                Air            14%        2d(2-18)  2%          4
 Passage of Golubria      Tloc           28%        N/A       2%          4
 Confusing Touch          Hex            17%        N/A       3%          3
 Sigil of Binding         Hex            17%        N/A       3%          3
 Tukima's Dance           Hex            17%        N/A       3%          3
 Martyr's Knell           Necr/Summ      25%        N/A       3%          4
 Ensorcelled Hibernation  Hex/Ice        20%        N/A       4%          2
 Volatile Blastmotes      Fire/Tloc      32%        2d12      4%          3
 Dimensional Bullseye     Hex/Tloc       11%        N/A       4%          4
 Foxfire                  Conj/Fire      12%        2x1d4     9%          1
 Magic Dart               Conj           12%        1d3       9%          1
 Summon Small Mammal      Summ           12%        N/A       9%          1
 Inner Flame              Hex/Fire       10%        N/A       10%         3
 Cause Fear               Hex            8%         N/A       12%         4
 Call Imp                 Summ           6%         N/A       13%         2
 Silence                  Hex/Air        11%        N/A       14%         5
 Call Canine Familiar     Summ           3%         N/A       26%         3
 Hailstorm                Conj/Ice       3%         3d5       26%         3
 Ozocubu's Armour         Ice            3%         N/A       26%         3
 Passwall                 Erth           3%         N/A       26%         3
 Summon Ice Beast         Ice/Summ       3%         N/A       26%         3
 Dispersal                Tloc           14%        N/A       32%         6
 Gell's Gavotte           Tloc           14%        2d(17-26) 32%         6
 Arcjolt                  Conj/Air       8%         1d18      34%         5
 Freezing Cloud           Conj/Ice/Air   5%         6-21      54%         5
 Borgnjor's Revivificati  Necr           24%        N/A       58%         8
 Brom's Barrelling Bould  Conj/Erth      3%         2d3       61%         4
 Flame Wave               Conj/Fire      3%         2d5       61%         4
 Ignite Poison            Fire/Alch      3%         N/A       61%         4
 Leda's Liquefaction      Alch/Erth      1%         N/A       61%         4
 Olgreb's Toxic Radiance  Alch           3%         N/A       61%         4
 Sticky Flame             Fire/Alch      3%         2d4       61%         4
 Summon Blazeheart Golem  Fire/Summ      3%         N/A       61%         4
 Summon Mana Viper        Hex/Summ       10%        N/A       61%         5
 Yara's Violent Unravell  Hex/Alch       5%         3d4       61%         5
 Manifold Assault         Tloc           14%        N/A       86%         7
 Conjure Ball Lightning   Conj/Air       8%         3x3d6     88%         6
 Plasma Beam              Fire/Air       8%         2x1d18    88%         6
 Alistair's Intoxication  Alch           2%         N/A       91%         5
 Fireball                 Conj/Fire      1%         3d3       91%         5
 Irradiate                Conj/Alch      1%         3d12      91%         5
 Iskenderun's Battlesphe  Conj           3%         2d6       91%         5
 Lee's Rapid Deconstruct  Erth           1%         3d4*      91%         5
 Bombard                  Conj/Erth      1%         9d1       100%        6
 Permafrost Eruption      Ice/Erth       1%         2x4d2     100%        6
 Sculpt Simulacrum        Ice/Alch       1%         N/A       100%        6
 Starburst                Conj/Fire      1%         6d3       100%        6
 Enfeeble                 Hex            8%         N/A       100%        7
 Monstrous Menagerie      Summ           1%         N/A       100%        7
 Orb of Destruction       Conj           1%         9d5       100%        7
 Ozocubu's Refrigeration  Ice            1%         4d7       100%        7
 Spellforged Servitor     Conj/Summ      1%         N/A       100%        7
 Summon Hydra             Summ           1%         N/A       100%        7
 Discord                  Hex            8%         N/A       100%        8
 Maxwell's Capacitive Co  Air            14%        ∞         100%        8
 Sublimation of Blood     Necr           Unusable   N/A       N/A         2

Dungeon Overview and Level Annotations

Branches:
Dungeon (15/15)            Temple (1/1) D:5            Lair (5/5) D:10
 Shoals (4/4) Lair:3        Snake (4/4) Lair:3        Slime (0/5) Lair:4
    Orc (2/2) D:9             Elf (3/3) Orc:2        Vaults (4/5) D:13
  Crypt (0/3) Vaults:3     Depths (4/4) D:15            Zot (5/5) Depths:4
  IceCv (visited)         Gauntlet (visited)

Altars:
Ashenzari
Cheibriados
Dithmenos
Elyvilon
Fedhas
Gozag
Hepliaklqana
Kikubaaqudgha
Makhleb
Nemelex Xobeh
Okawaru
Qazlal
Ru
Sif Muna
Trog
Uskayaw
Vehumet
Wu Jian
Xom
Yredelemnul
Zin
The Shining One

Shops:
D:5 :   D:7 (:[   D:15 (   Orc:2 *[*((*   Shoals:4 (   Snake:1 ***
Snake:4 :==   Vaults:1 (   Depths:3 [   Depths:4 ?

Portals:
Hell: Depths:1 Depths:2 Depths:3 Depths:4
Abyss: Depths:3
Pandemonium: Depths:2 Depths:3
Ziggurat: Depths:3

Annotations:
Shoals:1 3 runed translucent doors, grrhawk's ghost, adept FoHs
Shoals:2 1 transporter, Detyups's ghost, adept VSFi
Snake:3 3 runed translucent doors, exclusion: obsidian statue, jkt's ghost, adept SpEn
Vaults:2 3 runed translucent doors, Pixtaico's ghost, adept FeNe
Depths:3 3 runed translucent doors, Cein's ghost, veteran DgCj; Jigeme's ghost, veteran DEHs; Velavy's ghost, veteran CoHs
Zot:5 2 exclusions


Innate Abilities, Weirdness & Mutations

You are a living statue of rough stone.
Your actions are slow, but your melee attacks are powerful.
You are resistant to unholy torment.
Your maximum health is greatly increased.
Your equipment is partially melded.
You are immune to poison.
((You are very nimble when in or above water. (Stealth+, EV+, Speed+++)))
Your lower body shifts to a powerful aquatic tail in water.
You have a beak for a mouth.
You possess an exceptional clarity of mind.
Your mind is acute. (Int +4, Str/Dex -1)
Your body sometimes deteriorates upon taking damage.
You are frail. (-10% HP)
Your magical capacity is low. (-10% MP)
You are highly strong-willed. (Will++)
You are weak. (Str -2)


Message History

There is a stone staircase leading down here.
An Orb Guardian comes into view.
There is a stone staircase leading up here.
You block the Orb Guardian's attack. x2
You fly upwards.
There is a stone staircase leading down here.
You perforate the Orb Guardian like a sieve!!!
The Orb Guardian hits you but does no damage.
You block the Orb Guardian's attack.
You puncture the Orb Guardian!
You peck the Orb Guardian, but do no damage.
The Orb Guardian hits you but does no damage.
The Orb Guardian misses you.
You spit the Orb Guardian like a pig!!!
You kill the Orb Guardian!
No target in view!
No target in view!
No target in view!
(D) Dungeon (T) Temple (L) Lair (A) Shoals (P) Snake Pit (M) Slime Pits (O) Orcish Mines (E) Elven Halls (V) Vaults (C) Crypt (U) Depths (H) Hell (Z) Zot
Where to? (Tab/Enter - D:1 @ (x,y), ? - help)
An Executioner comes into view.
There is a stone staircase leading up here.
You fly upwards.
There is a stone staircase leading down here.
(D) Dungeon (T) Temple (L) Lair (A) Shoals (P) Snake Pit (M) Slime Pits (O) Orcish Mines (E) Elven Halls (V) Vaults (C) Crypt (U) Depths (H) Hell (Z) Zot
Where to? (Tab/Enter - D:1 @ (x,y), ? - help)
There is a stone staircase leading up here.
You fly upwards.
There is a stone staircase leading down here.
There is an open door here.
You reach down and open the door.
There is an open door here.
There is a staircase leading out of the dungeon here.
You have escaped!

##......## #...)...# ###
#......#####.......######## ..#
#......'...'.......'.......
#.#####......##.##.......########
#..##........#...................
##..'.....##.#......##'##.##..###
####.....##.+++'++.##.##.###.##.
#.....##.+....+..#.#.......#.
#####.....##.'..I.+..#.#.##.##...
..........##.+....+..#...#().#..#
####.##......+....+..#...##.##.##
#.###..##.++++++###.#.#...#.#
####.####..........# #.#.#####.#
.....÷.#####.#....## #.#.......#
........# #.###...###.##.######
........####.#####..##.##.#
........+........##..#.#..#


There were no monsters in sight!

Vanquished Creatures
  2 dread liches (Zot:5)
  9 orbs of fire
  2 ancient liches (Zot:5)
  A juggernaut (Depths:4)
  Boris (Vaults:3)
  3 Killer Klowns
  A pandemonium lord (D:14)
  4 curse toes
  A caustic shrike (Depths:3)
  8 golden dragons
  A profane servitor (Abyss:3)
  A bone dragon (Depths:4)
  2 electric golems (Zot:2)
  12 tentacled monstrosities
  2 Hell Sentinels
  A walking crystal tome (Depths:2)
  An Ice Fiend (Zot:1)
  20 Orb Guardians
  2 deep elf blademasters
  2 titans (Depths:2)
  A lich (Depths:1)
  7 sphinxes
  2 Executioners (Depths:4)
  A walking frostbound tome (Depths:2)
  Frances (Snake:1)
  A walking divine tome (Depths:2)
  11 death cobs
  4 quicksilver dragons
  A kraken (Abyss:3)
  The ghost of Hajeh the Gelid, an adept FeEE of Jiyva (Elf:2)
  3 tentacled starspawn
  3 shadow dragons
  8 tengu reavers
  18 storm dragons
  3 protean progenitors
  4 nagarajas
  7 fire giants
  13 frost giants
  An iron dragon (Zot:2)
  7 draconian scorchers
  3 draconian knights
  9 deep elf sorcerers
  4 draconian shifters
  14 vault wardens
  4 balrugs
  3 draconian monks
  4 ghost moths
  Louise (Snake:2)
  7 deep elf elementalists (Elf:3)
  2 orc warlords
  3 draconian stormcallers
  2 ironbound thunderhulks
  8 draconian annihilators
  14 ironbound preservers
  10 stone giants
  A quicksilver ooze (Zot:2)
  15 very ugly things
  3 spriggan defenders
  2 vampire knights (Depths:2)
  3 formless jellyfish
  2 deep elf demonologists
  7 green draconians
  6 purple draconians
  2 dire elephants (Vaults:4)
  2 deep elf annihilators
  7 black draconians
  2 minotaurs
  5 spark wasps
  3 deep elf death magi (Elf:3)
  A war gargoyle (Vaults:3)
  6 blizzard demons
  8 yellow draconians
  2 eidola
  9 merfolk impalers
  7 red draconians
  9 white draconians
  6 fire dragons
  A jiangshi (Abyss:3)
  7 merfolk javelineers
  6 ettins
  2 entropy weavers (Vaults:2)
  A great orb of eyes (Vaults:2)
  10 yaktaur captains
  5 salamander tyrants (Snake:4)
  3 deep elf high priests
  Josephine (Orc:2)
  An entropy weaver (shapeshifter) (D:14)
  Harold (D:10)
  A quicksilver dragon skeleton (Vaults:2)
  3 vault guards
  4 hydras
  An ogre mage (Vaults:3)
  2 catoblepae
  An alligator (shapeshifter) (D:14)
  3 rakshasas
  5 spriggan air magi
  2 alligators
  8 ironbound frosthearts
  2 peacekeepers
  13 ice dragons
  A two-headed ogre (D:11)
  10 centaur warriors
  The ghost of Viaheush the Carver, a journeyman GnWn of Hepliaklqana (Elf:3)
  3 boulder beetles
  19 dancing weapons
  5 merfolk aquamancers
  2 alligator snapping turtles
  5 merfolk avatars
  7 anacondas
  3 satyrs
  7 deep troll earth magi
  13 deep troll shamans
  A vampire mage (Abyss:3)
  4 death yaks
  7 tengu warriors
  12 spriggan berserkers
  An orc high priest (Orc:2)
  An occultist (Depths:1)
  17 naga warriors
  A hell hog (Lair:5)
  9 naga sharpshooters
  8 shock serpents
  2 thrashing horrors (Abyss:3)
  3 hell knights
  A soul eater (Vaults:3)
  19 deep elf knights
  2 spriggans
  A skeletal warrior (D:9)
  9 iron trolls
  2 sixfirhies (Gauntlet)
  A wretched star (Abyss:3)
  A sun demon (Shoals:2)
  4 skysharks
  A death drake (Zot:3)
  9 deep elf archers
  7 glowing orange brains
  A salamander mystic (Snake:4)
  Lodul (D:14)
  4 flayed ghosts (Depths:2)
  2 fire crabs
  54 deep trolls
  A spriggan druid (Elf:1)
  A deep troll (shapeshifter) (D:14)
  20 sea snakes
  4 arcanists
  An orange crystal statue (IceCv)
  6 mana vipers
  7 naga ritualists
  2 sun moths (Shoals:2)
  5 harpies
  17 deep elf pyromancers
  9 ironbound convokers
  6 orc knights
  2 steelbarb worms
  An obsidian bat (Abyss:3)
  31 deep elf zephyrmancers
  3 necromancers
  An orc sorcerer (Depths:2)
  3 large abominations
  A wolf spider (Lair:5)
  An oklob plant (Abyss:3)
  10 lindwurms
  8 fauns
  A human zombie (Vaults:1)
  2 moths of wrath (shapeshifter) (Elf:1)
  8 cyclopes
  12 salamanders
  A worldbinder (Abyss:3)
  10 manticores
  An apocalypse crab (Abyss:3)
  2 human skeletons
  27 moths of wrath
  27 ugly things
  4 kobold blastminers (Orc:2)
  5 guardian serpents
  35 black mambas
  10 merfolk sirens
  An elephant (Elf:3)
  2 torpor snails (Lair:5)
  23 naga magi
  16 vault sentinels
  An eye of devastation (Abyss:3)
  4 water nymphs
  A dire elephant zombie (Abyss:3)
  3 gargoyles
  3 smoke demons
  An orange demon (Abyss:3)
  18 cane toads
  22 rime drakes
  A yaktaur zombie (Vaults:1)
  15 komodo dragons
  32 yaktaurs
  An unseen horror (D:13)
  2 ancient zymes (Abyss:3)
  A kobold demonologist (D:9)
  A freezing wraith (D:14)
  A tengu conjurer (Depths:1)
  A komodo dragon (shapeshifter) (D:10)
  A tormentor (Abyss:3)
  A red devil (D:14)
  24 polar bears
  7 trolls
  28 merfolk
  3 raiju
  3 wind drakes (Shoals:4)
  A tarantella (shapeshifter) (Elf:1)
  15 dream sheep
  4 hornets
  16 blink frogs
  8 glass eyes
  A raiju (shapeshifter) (D:14)
  9 snapping turtles
  A stone giant simulacrum (Abyss:3)
  2 air elementals
  6 shadows
  14 slime creatures
  8 wraiths
  18 water elementals
  A yak (shapeshifter) (Elf:2)
  A basilisk (shapeshifter) (D:15)
  A centaur simulacrum (Gauntlet)
  A hog (shapeshifter) (Elf:1)
  31 wyverns
  62 yaks
  8 fire elementals
  4 steam dragons
  A hog (Elf:3)
  3 redbacks (Lair:5)
  4 vampire mosquitoes
  6 basilisks
  2 chaos spawn (Abyss:3)
  A swamp worm (shapeshifter) (Depths:3)
  9 wargs
  5 acid dragons
  34 nagas
  18 water moccasins
  12 hell hounds
  A meliai simulacrum (Gauntlet)
  16 black bears
  An ice beast (D:5)
  A sky beast (D:7)
  39 orc warriors
  An ettin simulacrum (Vaults:2)
  4 laughing skulls
  43 wolves
  13 ogres
  5 boggarts (D:14)
  21 centaurs
  A phantom (D:5)
  5 kobold brigands
  A glowing shapeshifter simulacrum (Vaults:2)
  12 bullfrogs
  5 earth elementals
  2 gnoll sergeants
  3 scorpions
  A small abomination (Abyss:3)
  9 killer bees
  9 electric eels
  8 howler monkeys
  2 spectral centaurs (D:9)
  9 lava snakes (Snake:4)
  A wyvern simulacrum (Gauntlet)
  A hound (D:4)
  A quasit (Abyss:3)
  2 bombardier beetles
  6 jellies
  3 sleepcaps
  15 orc priests
  14 starcursed masses
  A gnoll bouda (D:7)
  2 iguanas
  27 orc wizards
  Natasha (thrice) (D:2)
  8 hell rats
  A spectral killer bee (D:9)
  37 gnolls
  2 adders
  A river rat (Lair:4)
  A shadow imp (D:6)
  A howler monkey simulacrum (D:9)
  A dart slug (D:5)
  3 ribbon worms
  110 orcs
  11 ball pythons
  8 endoplasms
  3 giant cockroaches
  3 goblins
  4 hobgoblins
  25 jackals
  3 quokkas
  3 training dummies (Shoals:4)
  6 bats
  5 frilled lizards
  16 kobolds
  9 rats
  A spectral weapon (Depths:2)
  5 tentacles (Abyss:3)
2077 creatures vanquished.

Vanquished Creatures (collateral kills)
  An electric golem (Zot:5)
  6 Orb Guardians (Zot:5)
  A lich (Abyss:3)
  A sphinx (Depths:2)
  2 death cobs
  A shadow dragon (Zot:3)
  2 storm dragons
  A draconian knight (Zot:5)
  A deep elf sorcerer (Elf:3)
  A vault warden (Vaults:2)
  2 draconian annihilators
  A formless jellyfish (Shoals:4)
  A green draconian (Zot:5)
  2 purple draconians
  2 yellow draconians
  2 red draconians (Zot:4)
  A white draconian (Zot:3)
  A merfolk impaler (Shoals:4)
  An ettin (Depths:2)
  2 jiangshi
  A spriggan air mage (Depths:2)
  An ice dragon (Depths:4)
  A centaur warrior (Shoals:2)
  A boulder beetle (Lair:2)
  3 dancing weapons (Elf:2)
  A shock serpent (shapeshifter) (Depths:2)
  2 sun demons (Shoals:2)
  A deep elf knight (Elf:2)
  2 sea snakes
  3 deep trolls
  A naga ritualist (Snake:4)
  A thermic dynamo (D:14)
  An ironbound convoker (Vaults:3)
  2 deep elf zephyrmancers
  A faun (Shoals:2)
  A deep elf pyromancer (Elf:2)
  3 moths of wrath
  A moth of wrath (shapeshifter) (D:14)
  An apocalypse crab (Abyss:3)
  A cyclops (Shoals:2)
  A guardian serpent (Snake:4)
  A gargoyle (D:14)
  2 water nymphs
  A polar bear (Lair:5)
  4 merfolk
  A troll (D:8)
  A raiju (Lair:5)
  A glass eye (Depths:2)
  A dream sheep (Shoals:2)
  A water elemental (Shoals:2)
  A wraith (Vaults:3)
  2 yaks (D:8)
  A fire elemental (D:14)
  5 nagas (Snake:4)
  A hell hound (Lair:5)
  An ogre skeleton (Vaults:2)
  A black bear (Lair:5)
  A wolf (Lair:5)
  A bullfrog (D:8)
89 creatures vanquished.

Vanquished Creatures (others)
  A lich (Depths:3)
  A death cob (Zot:2)
  2 vampire knights
  A black draconian (Zot:5)
  A jiangshi (Abyss:3)
  A great orb of eyes (Vaults:4)
  A naga warrior (Snake:3)
  A deep elf knight (Elf:2)
  2 black mambas
  A yaktaur (Vaults:4)
  A polar bear (Lair:5)
  A tarantella (Elf:3)
  A neqoxec (Abyss:3)
  A wolf (Lair:5)
  An ogre (D:14)
  2 lava snakes (Snake:4)
  9 starspawn tentacles
  7 tentacles (Abyss:3)
35 creatures vanquished.

Grand Total: 2201 creatures vanquished

Notes
Turn   | Place    | Note
-------+----------+-------------------------------------------
     0 | D:1      | ragingrage the Merfolk Monk began the quest for the Orb.
     0 | D:1      | Reached XP level 1. HP: 18/18 MP: 1/1
   212 | D:1      | Reached XP level 2. HP: 24/24 MP: 2/2
   434 | D:1      | Reached skill level 5 in Polearms
  1188 | D:2      | Reached XP level 3. HP: 25/29 MP: 3/3
  1207 | D:2      | You fall into a shaft and drop 1 floor!
  1227 | D:3      | Found a blossoming altar of Fedhas.
  1794 | D:2      | Reached skill level 1 in Stealth
  1815 | D:2      | Found a faded altar of an unknown god.
  1849 | D:2      | Noticed Natasha
  2193 | D:2      | Killed Natasha
  2194 | D:2      | Reached XP level 4. HP: 35/35 MP: 4/4
  2315 | D:2      | Learned a level 2 spell: Jinxbite
  2504 | D:2      | Noticed Natasha
  2509 | D:2      | Killed Natasha
  2780 | D:2      | Noticed Natasha
  2889 | D:2      | Killed Natasha
  2890 | D:2      | Reached skill level 1 in Hexes
  2890 | D:2      | Reached XP level 5. HP: 41/41 MP: 5/5
  3791 | D:4      | Found a sparkling altar of Nemelex Xobeh.
  3890 | D:4      | Became a worshipper of Nemelex Xobeh the Trickster
  3890 | D:4      | Reached * piety under Nemelex Xobeh
  3890 | D:4      | Received a gift from Nemelex Xobeh
  3890 | D:4      | Reached ** piety under Nemelex Xobeh
  3928 | D:4      | Found a broken altar of Ashenzari.
  4203 | D:4      | Found a hazy altar of Hepliaklqana.
  4393 | D:4      | Identified the +3 mace "Rivvigar" {protect, *Noise Str+3
                  | Int+3}
  4509 | D:4      | Noticed an ogre
  4525 | D:4      | Killed an ogre
  4526 | D:4      | Reached XP level 6. HP: 47/47 MP: 6/6
  4965 | D:4      | Reached XP level 7. HP: 52/52 MP: 7/7
  5131 | D:4      | Received a gift from Nemelex Xobeh
  5786 | D:4      | Reached skill level 5 in Hexes
  6039 | D:4      | Reached XP level 8. HP: 58/58 MP: 8/8
  6191 | D:4      | Reached skill level 10 in Polearms
  6682 | D:5      | Entered Level 5 of the Dungeon
  6682 | D:5      | Found a staircase to the Ecumenical Temple.
  6707 | Temple   | Entered the Ecumenical Temple
  6854 | D:5      | Reached *** piety under Nemelex Xobeh
  7033 | D:5      | Found a bloodstained altar of Trog.
  7066 | D:5      | Reached skill level 1 in Invocations
  7371 | D:5      | Received a gift from Nemelex Xobeh
  7443 | D:5      | Found a snail-covered altar of Cheibriados.
  7444 | D:5      | Found an ancient bone altar of Kikubaaqudgha.
  7692 | D:5      | Found Natoc's Tiny Tomes.
  7815 | D:5      | Identified the +4 ring mail of the Hippo {Rampage}
  8041 | D:5      | Identified the +3 leather armour "Pest" {Will+}
  8617 | D:6      | Reached skill level 5 in Fighting
  8617 | D:6      | Reached skill level 5 in Dodging
  8983 | D:6      | Reached XP level 9. HP: 69/69 MP: 11/11
  9234 | D:6      | Received a gift from Nemelex Xobeh
  9509 | D:6      | Found a faded altar of an unknown god.
  9509 | D:6      | Found the Hermit's Pendant {Faith Invo=14 Evo=0 MP+5}
  9510 | D:6      | Noticed a boulder beetle
  9543 | D:6      | Killed a boulder beetle
  9781 | D:7      | Found Xexoacei's Self-Published Books.
 10564 | D:7      | Found an iron altar of Okawaru.
 10686 | D:7      | Reached XP level 10. HP: 80/80 MP: 20/20
 10736 | D:7      | Identified the +3 whip "Vele" {flame, Dex+3}
 10904 | D:7      | Found a stormy altar of Qazlal.
 10983 | D:7      | Found Tosopok's Weapon Emporium.
 11124 | D:7      | Found Miucatev's Armour Emporium.
 11177 | D:7      | Bought a +2 helmet for 214 gold pieces
 11698 | D:8      | Identified the +0 kite shield of Zoesch {Fly rC+ Dex+3}
 11724 | D:8      | Identified the ring of Raguxaq {+Blink Fly rElec EV+5}
 11795 | D:8      | Received a gift from Nemelex Xobeh
 11816 | D:8      | Found a sacrificial altar of Ru.
 11851 | D:8      | Reached skill level 1 in Shields
 12236 | D:8      | Received a gift from Nemelex Xobeh
 12659 | D:9      | Reached **** piety under Nemelex Xobeh
 13257 | D:9      | Reached skill level 5 in Shields
 13352 | D:9      | Noticed a skeletal warrior
 13862 | D:10     | Entered Level 10 of the Dungeon
 14109 | D:10     | Reached XP level 11. HP: 86/86 MP: 21/21
 14146 | D:10     | Found a basalt altar of Yredelemnul.
 14316 | D:10     | Noticed a tengu warrior
 14432 | D:10     | Killed a tengu warrior
 14868 | D:10     | Noticed Harold
 14923 | D:10     | Killed Harold
 15007 | D:10     | Found a burning altar of Makhleb.
 15011 | D:10     | Received a gift from Nemelex Xobeh
 15377 | D:10     | Reached skill level 10 in Shields
 15596 | D:10     | Found a staircase to the Lair.
 15948 | D:11     | Reached ***** piety under Nemelex Xobeh
 16722 | D:11     | Noticed a two-headed ogre
 16745 | D:11     | Killed a two-headed ogre
 16971 | D:11     | Received a gift from Nemelex Xobeh
 16987 | D:11     | Noticed a cyclops
 16997 | D:11     | Killed a cyclops
 17252 | D:12     | Reached XP level 12. HP: 19/92 MP: 22/22
 18794 | D:12     | Received a gift from Nemelex Xobeh
 19006 | Lair:1   | Entered Level 1 of the Lair of Beasts
 19372 | Lair:1   | Received a gift from Nemelex Xobeh
 19938 | Lair:1   | Received a gift from Nemelex Xobeh
 19939 | Lair:1   | Identified a scroll of acquirement
 19940 | Lair:1   | Acquired the +0 cloak of Quantum Leap {^Drain rF+ rC+ rN+}
 20432 | Lair:2   | Noticed a death yak
 20432 | Lair:2   | Noticed a death yak
 20432 | Lair:2   | Noticed a death yak
 20432 | Lair:2   | Noticed a death yak
 20454 | Lair:2   | Killed a death yak
 20454 | Lair:2   | Killed a death yak
 20455 | Lair:2   | a death yak changed into a skyshark
 20455 | Lair:2   | Noticed a skyshark
 20455 | Lair:2   | a death yak changed into a yak
 20459 | Lair:2   | Killed a skyshark
 20460 | Lair:2   | Noticed a death yak
 20479 | Lair:2   | Killed a death yak
 20480 | Lair:2   | Reached skill level 15 in Polearms
 20480 | Lair:2   | Reached XP level 13. HP: 77/100 MP: 23/23
 20837 | Lair:2   | Received a gift from Nemelex Xobeh
 21273 | Lair:2   | Reached skill level 10 in Dodging
 21434 | Lair:2   | Identified the +6 hand axe of Kismet {heavy, rN+ Int+3}
 21929 | Lair:3   | Reached skill level 10 in Fighting
 22072 | Lair:3   | Reached ****** piety under Nemelex Xobeh
 22077 | Lair:3   | Received a gift from Nemelex Xobeh
 22108 | Lair:3   | Found a staircase to the Snake Pit.
 22218 | Lair:3   | Received a gift from Nemelex Xobeh
 23379 | Lair:4   | Received a gift from Nemelex Xobeh
 23453 | Lair:4   | Reached XP level 14. HP: 77/111 MP: 24/24
 23922 | Lair:4   | Found a staircase to the Slime Pits.
 24036 | Lair:4   | Received a gift from Nemelex Xobeh
 24410 | Lair:5   | Entered Level 5 of the Lair of Beasts
 24829 | Lair:5   | Reached skill level 15 in Dodging
 25056 | Lair:5   | Received a gift from Nemelex Xobeh
 25937 | Lair:5   | Reached skill level 1 in Throwing
 26345 | Lair:5   | Identified the +8 great sword "Tijoll" {flame, Str+3 SInv}
 26573 | Lair:5   | Reached XP level 15. HP: 122/126 MP: 25/25
 26825 | Lair:5   | Received a gift from Nemelex Xobeh
 27498 | D:13     | Received a gift from Nemelex Xobeh
 27509 | D:13     | Reached skill level 5 in Throwing
 27807 | D:13     | Received a gift from Nemelex Xobeh
 27905 | D:13     | Received a gift from Nemelex Xobeh
 27926 | D:13     | Found a gate to the Vaults.
 28347 | D:14     | Found a gate leading to a gauntlet.
 28363 | Gauntlet | Entered a Gauntlet
 28363 | Gauntlet | Found a runed translucent door.
 28363 | Gauntlet | Found a transporter.
 28363 | Gauntlet | Found a transporter.
 28363 | Gauntlet | Found a runed translucent door.
 28375 | Gauntlet | Found a transporter.
 28378 | Gauntlet | Found a transporter.
 28386 | Gauntlet | Found a transporter.
 28389 | Gauntlet | Found a transporter.
 28396 | Gauntlet | Received a gift from Nemelex Xobeh
 28397 | Gauntlet | Found a transporter.
 28413 | Gauntlet | Found a large runed translucent door.
 28414 | Gauntlet | Found a large runed translucent door.
 28415 | Gauntlet | Found a large runed translucent door.
 28416 | Gauntlet | Found a runed translucent gate.
 28417 | Gauntlet | Found a transporter.
 28417 | Gauntlet | Found a runed translucent gate.
 28418 | Gauntlet | Found a runed translucent gate.
 28419 | Gauntlet | Found a large runed translucent door.
 28420 | Gauntlet | Found a large runed translucent door.
 28421 | Gauntlet | Found a large runed translucent door.
 28430 | Gauntlet | Found a large runed translucent door.
 28431 | Gauntlet | Found a large runed translucent door.
 28431 | Gauntlet | Found a large runed translucent door.
 28431 | Gauntlet | Found a runed translucent door.
 28432 | Gauntlet | Found a large runed translucent door.
 28433 | Gauntlet | Found a large runed translucent door.
 28435 | Gauntlet | Found a transporter.
 28439 | Gauntlet | Found a transporter.
 28451 | Gauntlet | Found a transporter.
 28453 | Gauntlet | Found a transporter.
 28501 | Gauntlet | Found a large runed translucent door.
 28502 | Gauntlet | Found a large runed translucent door.
 28503 | Gauntlet | Found a large runed translucent door.
 28503 | Gauntlet | Found a large runed translucent door.
 28503 | Gauntlet | Found a runed translucent door.
 28504 | Gauntlet | Found a large runed translucent door.
 28634 | Gauntlet | Identified the +0 pair of boots of Fun and Games {Int+3}
 28662 | Gauntlet | Identified an amulet of Kimmit {rElec rC+ Regen+ Str+3}
 28666 | Gauntlet | Reached skill level 15 in Fighting
 28673 | Gauntlet | Got Zyump's Secrets of Portents and Lava
 28675 | Gauntlet | Identified the staff of Ash {rElec rF+ Str+4 Conj Ice}
 28675 | Gauntlet | Identified the +0 plate armour of Beqeps {rF+ Int-3 Dex+3}
 28721 | D:14     | Noticed Lodul
 28731 | D:14     | Killed Lodul
 29305 | D:14     | Received a gift from Nemelex Xobeh
 29636 | D:14     | Identified the -1 long sword of Nyclitih {drain, rF+ rC+
                  | Str+3 Dex-2}
 30186 | D:14     | Identified the staff of Watchfulness {Will++ Str-3 SInv
                  | Tloc Earth}
 30435 | D:14     | Found an ornate altar of the Wu Jian Council.
 30719 | D:15     | Entered Level 15 of the Dungeon
 30732 | D:15     | Acquired the +5 Lochaber axe {reach-cleave, Poleaxe ^Drain}
 30732 | D:15     | Found the +5 Lochaber axe {reach-cleave, Poleaxe ^Drain}
 30898 | D:15     | Found a staircase to the Depths.
 30912 | D:15     | Reached XP level 16. HP: 55/136 MP: 19/19
 31060 | D:15     | Received a gift from Nemelex Xobeh
 31155 | D:15     | Found Feofruga's Antique Weapon Emporium.
 31170 | D:15     | Identified the +7 flail "Raumij Zonas" {flame, Dex+4}
 31319 | D:15     | Received a gift from Nemelex Xobeh
 31801 | D:9      | Identified the +9 dagger "Jokh" {pain, Dex+6 Stlth+}
 31902 | D:9      | Found a staircase to the Orcish Mines.
 31999 | D:9      | Learned a level 3 spell: Fugue of the Fallen
 32020 | D:10     | Learned a level 2 spell: Blink
 32073 | Orc:1    | Entered Level 1 of the Orcish Mines
 32231 | Orc:2    | Entered Level 2 of the Orcish Mines
 32354 | Orc:2    | Noticed Josephine
 32367 | Orc:2    | Killed Josephine
 32371 | Orc:2    | Received a gift from Nemelex Xobeh
 32371 | Orc:2    | Found a staircase to the Elven Halls.
 32374 | Orc:2    | Found Okhech's Assorted Antiques.
 32408 | Orc:2    | Found Aautaum's Alliterative Armaments.
 32411 | Orc:2    | Bought a potion of curing for 75 gold pieces
 32488 | Orc:2    | Found Feufill's Antique Weapon Shop.
 32488 | Orc:2    | Found Laxy's General Store.
 32488 | Orc:2    | Found Weniupopp's Antique Weapon Boutique.
 32506 | Orc:2    | Bought a +0 demon trident of distortion for 434 gold pieces
 32519 | Orc:2    | Found Gyrer's Antique Armour Emporium.
 32523 | Orc:2    | Bought a condenser vane for 480 gold pieces
 32523 | Orc:2    | Bought a scroll of blinking for 90 gold pieces
 32607 | Orc:2    | Reached skill level 5 in Invocations
 33272 | Shoals:1 | Entered Level 1 of the Shoals
 33288 | Shoals:1 | Received a gift from Nemelex Xobeh
 33313 | Shoals:1 | You are sucked into a shaft and drop 1 floor!
 33313 | Shoals:2 | Found a transporter.
 33347 | Shoals:2 | Noticed Detyups's ghost (adept VSFi)
 33401 | Shoals:2 | Got Xexosiba's Folio of Promethean Signs
 33649 | Shoals:2 | Found a transporter.
 33727 | Shoals:2 | Found a glacial archway.
 33775 | IceCv    | Entered an ice cave
 33806 | IceCv    | Received a gift from Nemelex Xobeh
 33874 | IceCv    | Reached skill level 10 in Invocations
 34194 | IceCv    | Reached XP level 17. HP: 138/142 MP: 25/25
 35027 | Shoals:1 | Received a gift from Nemelex Xobeh
 35030 | Shoals:1 | Found a runed translucent gate.
 35030 | Shoals:1 | Found a runed translucent gate.
 35030 | Shoals:1 | Found a runed translucent gate.
 35030 | Shoals:1 | Noticed grrhawk's ghost (adept FoHs)
 35088 | Shoals:1 | Received a gift from Nemelex Xobeh
 35474 | Shoals:1 | Identified the +0 chain mail of Ignis's Outrage {rPois MP+9
                  | Stlth+}
 35600 | Shoals:1 | Identified the +9 morningstar "Cuelaf" {holy, rCorr Str+2}
 35609 | Shoals:1 | Received a gift from Nemelex Xobeh
 36184 | Shoals:3 | Found an iron altar of Okawaru.
 36658 | Shoals:3 | Reached skill level 1 in Evocations
 36804 | Shoals:3 | Found a shadowy altar of Dithmenos.
 36987 | Shoals:3 | Reached skill level 1 in Armour
 37246 | Shoals:4 | Entered Level 4 of the Shoals
 37246 | Shoals:4 | Received a gift from Nemelex Xobeh
 37249 | Shoals:4 | Paralysed by a formless jellyfish for 1 turns
 37577 | Shoals:4 | Got a barnacled rune of Zot
 37798 | Shoals:4 | Found Daxteof's Firing Range.
 37829 | Shoals:4 | Reached XP level 18. HP: 139/149 MP: 29/29
 37845 | Shoals:4 | Identified the +6 chain mail "Ethrojiy" {rPois rF+ rC+}
 37898 | Shoals:4 | Reached skill level 15 in Invocations
 37941 | Shoals:4 | Received a gift from Nemelex Xobeh
 38322 | Shoals:4 | Got the Incunable of Wicked Liturgies
 38572 | Elf:1    | Entered Level 1 of the Elven Halls
 39085 | Elf:1    | Reached skill level 5 in Evocations
 39280 | Elf:1    | Found a radiant altar of Vehumet.
 39283 | Elf:1    | Paralysed by an air elemental for 1 turns
 39420 | D:7      | Bought the +1 pair of boots "Lanin" {+Inv rC- Str+7} for
                  | 405 gold pieces
 39704 | Elf:1    | Received a gift from Nemelex Xobeh
 39830 | Orc:2    | Bought a scroll of enchant weapon for 187 gold pieces
 39830 | Orc:2    | Bought a potion of enlightenment for 125 gold pieces
 39830 | Orc:2    | Bought a scroll of revelation for 187 gold pieces
 40171 | Elf:1    | Received a gift from Nemelex Xobeh
 40511 | Elf:1    | Received a gift from Nemelex Xobeh
 41017 | Elf:2    | Reached skill level 5 in Armour
 41019 | Abyss:3  | Found a corrupted altar of Lugonu.
 41019 | Abyss:3  | Cast into level 3 of the Abyss (a deep elf sorcerer)
 41087 | Elf:2    | Escaped the Abyss
 41366 | Elf:2    | Found a runed translucent gate.
 41368 | Elf:2    | Found a runed translucent gate.
 41370 | Elf:2    | Found a runed translucent gate.
 41469 | Elf:2    | Received a gift from Nemelex Xobeh
 41489 | Elf:2    | Found a runed translucent door.
 41499 | Elf:2    | Noticed Hajeh's ghost (adept FeEE)
 41728 | Elf:3    | Entered Level 3 of the Elven Halls
 42087 | Elf:2    | Noticed a deep elf blademaster
 42120 | Elf:2    | Reached XP level 19. HP: 139/159 MP: 22/30
 42133 | Elf:2    | Reached skill level 5 in Stealth
 42699 | Elf:3    | Received a gift from Nemelex Xobeh
 43379 | Snake:1  | Entered Level 1 of the Snake Pit
 43401 | Snake:1  | Received a gift from Nemelex Xobeh
 43753 | Snake:1  | Received a gift from Nemelex Xobeh
 43821 | Snake:1  | Noticed Frances
 43850 | Snake:1  | Killed Frances
 43964 | Snake:1  | Found Seloa's Assorted Antiques.
 43966 | Snake:1  | Found Kairyova's Assorted Antiques.
 43969 | Snake:1  | Found Pedwoeg's Assorted Antiques.
 43972 | Snake:1  | Bought a Gell's gravitambourine (2/2) for 1240 gold pieces
 44200 | Snake:1  | Received a gift from Nemelex Xobeh
 44361 | Snake:2  | Noticed Louise
 44366 | Snake:2  | Killed Louise
 44514 | Snake:2  | Identified the +6 scale mail of Vermicelli {Harm SInv}
 45321 | Snake:3  | Reached skill level 1 in Necromancy
 45361 | Snake:3  | Received a gift from Nemelex Xobeh
 45550 | Snake:4  | Entered Level 4 of the Snake Pit
 45703 | Snake:4  | Reached XP level 20. HP: 170/170 MP: 31/31
 45993 | Snake:3  | Reached skill level 10 in Evocations
 46153 | Snake:3  | Received a gift from Nemelex Xobeh
 46221 | Snake:3  | Found a runed translucent gate.
 46221 | Snake:3  | Found a runed translucent gate.
 46221 | Snake:3  | Found a runed translucent gate.
 46222 | Snake:3  | Found an opulent altar of Gozag.
 46223 | Snake:3  | Noticed jkt's ghost (adept SpEn)
 47076 | Snake:4  | Found Sycis's Jewellery Emporium.
 47077 | Snake:4  | Found Mukkodde's Book Shop.
 47079 | Snake:4  | Found Niesoss's Jewellery Emporium.
 47150 | Snake:4  | Reached skill level 1 in Shapeshifting
 47296 | Snake:4  | Reached skill level 5 in Shapeshifting
 47361 | Snake:4  | Got a serpentine rune of Zot
 47974 | Elf:3    | Received a gift from Nemelex Xobeh
 48149 | Abyss:3  | Cast into level 3 of the Abyss (a deep elf demonologist)
 48163 | Abyss:3  | Reached skill level 5 in Necromancy
 48223 | Abyss:3  | Found a corrupted altar of Lugonu.
 48309 | Elf:3    | Escaped the Abyss
 48456 | Abyss:3  | Cast into level 3 of the Abyss (a deep elf sorcerer)
 48507 | Abyss:3  | Gained mutation: You are dopey. (Int -2) [a neqoxec]
 48673 | Abyss:3  | Reached skill level 10 in Shapeshifting
 48742 | Abyss:3  | Got an abyssal rune of Zot
 48795 | Elf:3    | Escaped the Abyss
 48844 | Abyss:3  | Cast into level 3 of the Abyss (a deep elf sorcerer)
 48845 | Abyss:3  | Noticed a profane servitor
 48851 | Abyss:3  | Reached XP level 21. HP: 132/178 MP: 32/32
 48862 | Abyss:3  | Killed a profane servitor
 48886 | Abyss:3  | Found a corrupted altar of Lugonu.
 49008 | Abyss:3  | Found a corrupted altar of Lugonu.
 49013 | Elf:3    | Escaped the Abyss
 49776 | Elf:3    | Identified the +6 quarterstaff "Imp's Peril" {drain,
                  | ^Contam Int+8}
 49776 | Elf:3    | Identified the +2 leather armour of Indecent Exposure {+Inv
                  | Will- MP+9 Int-5}
 49820 | Elf:3    | Identified the staff of the Mauling Gods {rPois Necro Tloc
                  | Alchemy}
 49890 | Elf:3    | Found a runed translucent gate.
 49890 | Elf:3    | Found a runed translucent gate.
 49891 | Elf:3    | Found a runed translucent gate.
 49892 | Elf:3    | Identified the +0 scale mail "Irepit" {+Inv rN++ Str+4
                  | Stlth-}
 49894 | Elf:3    | Noticed Viaheush's ghost (journeyman GnWn)
 49961 | Elf:3    | Identified the +3 orcbow "Ponaf" {elec, *Corrode +Blink
                  | rElec Int-3}
 49977 | Elf:3    | Identified the staff of Qogul {rPois rF+ rC++ Fire}
 50169 | Elf:3    | Found an iron altar of Okawaru.
 50493 | Snake:4  | Bought a granite talisman for 1140 gold pieces
 50765 | Vaults:1 | Entered Level 1 of the Vaults
 50851 | Vaults:1 | Reached skill level 15 in Shapeshifting
 50888 | Vaults:1 | Received a gift from Nemelex Xobeh
 50896 | Vaults:1 | Learned a level 6 spell: Death Channel
 50896 | Vaults:1 | Found Ikuin's Weapon Boutique.
 51487 | Vaults:1 | Paralysed by a sphinx for 2 turns
 51612 | Vaults:1 | You are sucked into a shaft and drop 1 floor!
 51733 | Vaults:2 | Received a gift from Nemelex Xobeh
 52235 | Vaults:2 | Found a runed translucent gate.
 52235 | Vaults:2 | Found a runed translucent gate.
 52235 | Vaults:2 | Noticed Pixtaico's ghost (adept FeNe)
 52236 | Vaults:2 | Found a runed translucent gate.
 52536 | Vaults:2 | Reached XP level 22. HP: 186/186 MP: 33/33
 52559 | Vaults:2 | Identified the +6 rapier of Resourcefulness {venom, rPois
                  | rN+ Int+2 SInv}
 52675 | Vaults:2 | Received a gift from Nemelex Xobeh
 52897 | Vaults:3 | Received a gift from Nemelex Xobeh
 52951 | Vaults:3 | Identified the +0 ring mail "Gokeicoy" {Int+2}
 53101 | Vaults:3 | Identified the +2 robe of the Orb Guardian {Rampage *Slow
                  | Stlth+}
 53101 | Vaults:3 | Noticed Boris
 53118 | Vaults:3 | Killed Boris
 53162 | Vaults:3 | Found a staircase to the Crypt.
 53463 | Vaults:3 | Received a gift from Nemelex Xobeh
 53502 | Vaults:3 | Identified the +0 whip of Deloam {flame, Dex+4}
 53679 | Vaults:3 | Found a shimmering blue altar of Sif Muna.
 53828 | Vaults:3 | Reached skill level 10 in Necromancy
 54113 | Vaults:4 | Found a flickering gateway to a bazaar.
 54135 | Bazaar   | Entered a bazaar
 54135 | Bazaar   | Found Cysirch's Book Shoppe.
 54144 | Bazaar   | Received a gift from Nemelex Xobeh
 54145 | Bazaar   | Found Jyvorchiph's Distillery.
 54161 | Bazaar   | Found Garisuall's Antique Armour Boutique.
 54190 | Bazaar   | Found Qidy's General Store.
 54198 | Bazaar   | Bought a scroll of teleportation for 24 gold pieces
 54198 | Bazaar   | Bought a potion of curing for 24 gold pieces
 54198 | Bazaar   | Found Koipufay's Antique Weapon Emporium.
 54217 | Bazaar   | Bought a potion of mutation for 120 gold pieces
 54217 | Bazaar   | Bought a potion of mutation for 120 gold pieces
 54217 | Bazaar   | Bought a potion of curing for 45 gold pieces
 54217 | Bazaar   | Bought a potion of heal wounds for 75 gold pieces
 54217 | Bazaar   | Bought a potion of curing for 45 gold pieces
 54217 | Bazaar   | Bought a potion of berserk rage for 75 gold pieces
 54392 | Vaults:4 | Got Fumutt's Encyclopedia of Collected Conduction
 54538 | Vaults:4 | Received a gift from Nemelex Xobeh
 55465 | Depths:1 | Entered Level 1 of the Depths
 55480 | Depths:1 | Received a gift from Nemelex Xobeh
 55844 | Depths:1 | Received a gift from Nemelex Xobeh
 55936 | Depths:1 | Reached XP level 23. HP: 192/192 MP: 34/34
 56094 | Depths:1 | Found a gateway to Hell.
 56440 | Depths:1 | Found a bloodstained altar of Trog.
 56451 | Depths:1 | Identified the ring of Istoemn {^Contam rCorr Int+6}
 56677 | Depths:2 | Noticed Asterion
 56690 | Depths:2 | Noticed Saint Roka
 56691 | Depths:2 | Asterion changed into Asterion the slime creature
 56691 | Depths:2 | Noticed Asterion
 56693 | Depths:2 | Killed Asterion the slime creature
 56706 | Depths:2 | Banished Saint Roka
 57519 | Depths:2 | Found a one-way gate leading to the halls of Pandemonium.
 57912 | Depths:2 | Identified the +0 leather armour "Kohah" {rCorr Str+3}
 57920 | Depths:2 | Reached skill level 15 in Necromancy
 58058 | Depths:2 | Reached skill level 10 in Stealth
 58174 | Depths:2 | Identified the amulet "Xoroats" {Faith Regen+ MP-9 Dex+3}
 58209 | Depths:2 | Received a gift from Nemelex Xobeh
 58540 | Depths:2 | Reached skill level 15 in Shields
 58547 | Depths:2 | Identified the +0 plate armour of Privacy {*Corrode +Inv
                  | rN+ Regen+}
 58862 | Orc:2    | Bought a runed helmet for 187 gold pieces
 58882 | Orc:2    | Bought a runed helmet for 277 gold pieces
 59270 | Depths:3 | Found a runed translucent gate.
 59270 | Depths:3 | Found a runed translucent gate.
 59270 | Depths:3 | Found a runed translucent gate.
 59270 | Depths:3 | Noticed Velavy's ghost (veteran CoHs)
 59271 | Depths:3 | Noticed Jigeme's ghost (veteran DEHs)
 59271 | Depths:3 | Noticed Cein's ghost (veteran DgCj)
 59330 | Depths:3 | Found a one-way gateway to a ziggurat.
 59332 | Depths:3 | Noticed a caustic shrike
 59332 | Depths:3 | Noticed a caustic shrike
 59332 | Depths:3 | Noticed a caustic shrike
 59344 | Depths:3 | Killed a caustic shrike
 59345 | Depths:3 | a caustic shrike changed into an iron troll
 59345 | Depths:3 | a caustic shrike changed into a catoblepas
 59512 | Depths:3 | Received a gift from Nemelex Xobeh
 59805 | Depths:3 | Reached XP level 24. HP: 201/201 MP: 34/34
 59951 | Depths:3 | Found Sicw's Antique Armour Boutique.
 60107 | Depths:3 | Reached skill level 1 in Spellcasting
 60157 | Depths:3 | Found a one-way gate to the infinite horrors of the Abyss.
 60517 | Depths:4 | Entered Level 4 of the Depths
 60611 | Depths:4 | Received a gift from Nemelex Xobeh
 60783 | Depths:4 | Noticed a juggernaut
 60919 | Depths:4 | Noticed a juggernaut
 60924 | Depths:4 | Noticed a juggernaut
 61100 | Depths:3 | Banished a juggernaut
 61223 | Depths:4 | Found a gate to the Realm of Zot.
 61370 | Depths:4 | Noticed a juggernaut
 61400 | Depths:4 | Killed a juggernaut
 61401 | Depths:4 | Reached skill level 5 in Spellcasting
 61547 | Depths:4 | Found Udarouc's Magic Scroll Emporium.
 61552 | Depths:4 | Bought a scroll of blinking for 97 gold pieces
 61652 | Zot:1    | Entered Level 1 of the Realm of Zot
 61652 | Zot:1    | Noticed a curse toe
 61652 | Zot:1    | Noticed a curse toe
 61660 | Depths:4 | Killed a curse toe
 61701 | Zot:1    | Noticed a curse toe
 62090 | Depths:4 | Found Udarouc's Magic Scroll Emporium.
 62267 | Depths:4 | Killed a curse toe
 62662 | Elf:2    | Killed Hajeh's ghost
 62674 | Elf:2    | Learned a level 4 spell: Vhi's Electric Charge
 63212 | Zot:1    | Banished a curse toe
 63324 | Zot:1    | Reached skill level 1 in Translocations
 63324 | Zot:1    | Reached skill level 1 in Air Magic
 63788 | Zot:1    | Received a gift from Nemelex Xobeh
 64123 | Zot:1    | Reached XP level 25. HP: 121/207 MP: 34/34
 65133 | Zot:2    | Reached skill level 5 in Air Magic
 65135 | Zot:2    | Reached skill level 5 in Translocations
 65199 | Zot:2    | Received a gift from Nemelex Xobeh
 65566 | Zot:2    | Found the +0 cloak of the Thief {Quiet Slay-3 SInv Stlth+}
 65689 | Zot:2    | Received a gift from Nemelex Xobeh
 66339 | Zot:2    | Identified the +0 ring mail of the Soft God {rCorr Str+3}
 66386 | Zot:2    | Noticed a Killer Klown
 66435 | Zot:2    | Killed a Killer Klown
 67348 | Zot:3    | Identified the +5 war axe of Atholaem {flame, Str+3}
 67445 | Zot:3    | Found an ornate altar of the Wu Jian Council.
 67771 | Zot:4    | Identified the ring "Horebeh" {Wiz Str+3 Dex+3 SInv}
 67824 | Zot:4    | Got Qocrurur's Elucidation of Mortification and the Panacea
 67849 | Zot:4    | Received a gift from Nemelex Xobeh
 67875 | Zot:4    | Found an opulent altar of Gozag.
 69176 | Zot:4    | Received a gift from Nemelex Xobeh
 69193 | Zot:4    | Reached XP level 26. HP: 215/215 MP: 26/34
 69742 | Zot:5    | Entered Level 5 of the Realm of Zot
 70258 | Zot:5    | Identified the +1 plate armour of the Shore {Str+5}
 70303 | Zot:5    | Noticed a dread lich
 70497 | Zot:5    | Noticed an ancient lich
 70497 | Zot:5    | Noticed a dread lich
 70505 | Zot:5    | Killed an ancient lich
 70508 | Zot:5    | Killed a dread lich
 70600 | Zot:5    | Noticed an ancient lich
 70609 | Zot:5    | Killed an ancient lich
 70667 | Zot:5    | Noticed an orb of fire
 70670 | Zot:5    | Gained mutation: Your health recovers twice as slowly from
                  | being drained. [an orb of fire]
 70683 | Zot:5    | Noticed an orb of fire
 70685 | Zot:5    | Gained mutation: You occasionally lose the ability to drink
                  | potions when taking damage. [an orb of fire]
 70686 | Zot:5    | Gained mutation: Your spells are a little easier to cast,
                  | but a little less powerful. [an orb of fire]
 70687 | Zot:5    | Gained mutation: You occasionally shout uncontrollably at
                  | your foes. [an orb of fire]
 70695 | Zot:5    | Gained mutation: You are weak. (Str -2) [an orb of fire]
 70699 | Zot:5    | Gained mutation: You are occasionally teleported next to
                  | monsters. [an orb of fire]
 70700 | Zot:5    | Gained mutation: Your spells are easier to cast, but less
                  | powerful. [an orb of fire]
 71557 | Abyss:4  | Cast into level 4 of the Abyss (unwielding a weapon of
                  | distortion)
 71652 | Elf:3    | Escaped the Abyss
 71793 | Elf:3    | Killed Viaheush's ghost
 72315 | Zot:5    | Lost mutation: Your health recovers twice as slowly from
                  | being drained. [potion of mutation]
 72315 | Zot:5    | Lost mutation: You occasionally lose the ability to drink
                  | potions when taking damage. [potion of mutation]
 72315 | Zot:5    | Lost mutation: Your spells are easier to cast, but less
                  | powerful. [potion of mutation]
 72315 | Zot:5    | Lost mutation: Your spells are a little easier to cast, but
                  | a little less powerful. [potion of mutation]
 72316 | Zot:5    | Lost mutation: You are occasionally teleported next to
                  | monsters. [potion of mutation]
 72316 | Zot:5    | Lost mutation: You are weak. (Str -2) [potion of mutation]
 72316 | Zot:5    | Lost mutation: You are dopey. (Int -2) [potion of mutation]
 72316 | Zot:5    | Gained mutation: You are vulnerable to heat. (rF-) [potion
                  | of mutation]
 72316 | Zot:5    | Gained mutation: You have a pair of small horns on your
                  | head. [potion of mutation]
 72316 | Zot:5    | Gained mutation: You occasionally lose the ability to drink
                  | potions when taking damage. [potion of mutation]
 72317 | Zot:5    | Lost mutation: You have a pair of small horns on your head.
                  | [potion of mutation]
 72317 | Zot:5    | Lost mutation: You occasionally shout uncontrollably at
                  | your foes. [potion of mutation]
 72317 | Zot:5    | Gained mutation: Your flesh is cold resistant. (rC+)
                  | [potion of mutation]
 72317 | Zot:5    | Gained mutation: You are clumsy. (Dex -2) [potion of
                  | mutation]
 72317 | Zot:5    | Gained mutation: You have a pair of small horns on your
                  | head. [potion of mutation]
 72318 | Zot:5    | Lost mutation: You are clumsy. (Dex -2) [potion of
                  | mutation]
 72318 | Zot:5    | Lost mutation: You are vulnerable to heat. (rF-) [potion of
                  | mutation]
 72318 | Zot:5    | Lost mutation: You occasionally lose the ability to drink
                  | potions when taking damage. [potion of mutation]
 72318 | Zot:5    | Gained mutation: You have supernaturally acute eyesight.
                  | (SInv) [potion of mutation]
 72318 | Zot:5    | Gained mutation: You have sharp fingernails. [potion of
                  | mutation]
 73487 | Zot:5    | Gained mutation: You are vulnerable to heat. (rF-) [an orb
                  | of fire]
 73492 | Zot:5    | Killed an orb of fire
 73511 | Zot:5    | Lost mutation: You are vulnerable to heat. (rF-) [potion of
                  | mutation]
 73511 | Zot:5    | Lost mutation: You have supernaturally acute eyesight.
                  | (SInv) [potion of mutation]
 73511 | Zot:5    | Lost mutation: Your flesh is cold resistant. (rC+) [potion
                  | of mutation]
 73511 | Zot:5    | Gained mutation: You are strong-willed. (Will+) [potion of
                  | mutation]
 73511 | Zot:5    | Gained mutation: You are highly strong-willed. (Will++)
                  | [potion of mutation]
 73511 | Zot:5    | Gained mutation: You possess an exceptional clarity of
                  | mind. [potion of mutation]
 73540 | Zot:5    | Killed a dread lich
 73582 | Zot:5    | Noticed a Killer Klown
 73609 | Zot:5    | Killed a Killer Klown
 73630 | Zot:5    | Noticed an orb of fire
 73638 | Zot:5    | Gained mutation: Your health recovers twice as slowly from
                  | being drained. [an orb of fire]
 73639 | Zot:5    | Killed an orb of fire
 73643 | Zot:5    | Noticed an orb of fire
 73648 | Zot:5    | Noticed an orb of fire
 73654 | Zot:5    | Killed an orb of fire
 73665 | Zot:5    | Noticed an orb of fire
 73666 | Zot:5    | Noticed an orb of fire
 73685 | Zot:4    | Killed an orb of fire
 73841 | Zot:4    | Gained mutation: You are frail. (-10% HP) [an orb of fire]
 73846 | Zot:4    | Killed an orb of fire
 73922 | Zot:5    | Gained mutation: You are clumsy. (Dex -2) [an orb of fire]
 73938 | Zot:4    | Killed an orb of fire
 74124 | Zot:5    | Identified the +5 spear "Xemeirac" {heavy, Dex+6}
 74196 | Zot:5    | Noticed an orb of fire
 74199 | Zot:5    | Lost mutation: You possess an exceptional clarity of mind.
                  | [an orb of fire]
 74200 | Zot:5    | Reached XP level 27. HP: 196/198 MP: 35/35
 74211 | Zot:5    | Gained mutation: Your magical capacity is low. (-10% MP)
                  | [an orb of fire]
 74213 | Zot:5    | Identified the -1 trident of Ash {flame, rPois MP-9 Str+8
                  | Dex-4}
 74219 | Zot:5    | Killed an orb of fire
 74366 | Zot:5    | Gained mutation: You are weak. (Str -2) [an orb of fire]
 74375 | Zot:5    | Gained mutation: Armour fits poorly on your strangely
                  | shaped body. [an orb of fire]
 74379 | Zot:5    | Gained mutation: You are occasionally teleported next to
                  | monsters. [an orb of fire]
 74380 | Zot:5    | Killed an orb of fire
 74578 | Zot:5    | Noticed an orb of fire
 74639 | Zot:5    | Lost mutation: You are frail. (-10% HP) [potion of
                  | mutation]
 74639 | Zot:5    | Lost mutation: You are clumsy. (Dex -2) [potion of
                  | mutation]
 74639 | Zot:5    | Lost mutation: Armour fits poorly on your strangely shaped
                  | body. [potion of mutation]
 74639 | Zot:5    | Lost mutation: You are highly strong-willed. (Will++)
                  | [potion of mutation]
 74640 | Zot:5    | Lost mutation: You are weak. (Str -2) [potion of mutation]
 74640 | Zot:5    | Lost mutation: You have a pair of small horns on your head.
                  | [potion of mutation]
 74640 | Zot:5    | Gained mutation: You are dopey. (Int -2) [potion of
                  | mutation]
 74640 | Zot:5    | Gained mutation: You are frail. (-10% HP) [potion of
                  | mutation]
 74640 | Zot:5    | Gained mutation: You possess an exceptional clarity of
                  | mind. [potion of mutation]
 74641 | Zot:5    | Lost mutation: You have sharp fingernails. [potion of
                  | mutation]
 74641 | Zot:5    | Lost mutation: You are dopey. (Int -2) [potion of mutation]
 74641 | Zot:5    | Gained mutation: You have hidden genetic potential. [potion
                  | of mutation]
 74641 | Zot:5    | Gained mutation: You do not regenerate when monsters are
                  | visible. [potion of mutation]
 74641 | Zot:5    | Gained mutation: You are partially covered in iridescent
                  | scales. (AC +2) [potion of mutation]
 74642 | Zot:5    | Lost mutation: Your health recovers twice as slowly from
                  | being drained. [potion of mutation]
 74642 | Zot:5    | Lost mutation: You are partially covered in iridescent
                  | scales. (AC +2) [potion of mutation]
 74642 | Zot:5    | Lost mutation: You are occasionally teleported next to
                  | monsters. [potion of mutation]
 74642 | Zot:5    | Gained mutation: Your mind is acute. (Int +4, Str/Dex -1)
                  | [potion of mutation]
 74642 | Zot:5    | Gained mutation: You have sharp fingernails. [potion of
                  | mutation]
 74643 | Zot:5    | Lost mutation: You have hidden genetic potential. [potion
                  | of mutation]
 74643 | Zot:5    | Lost mutation: You have sharp fingernails. [potion of
                  | mutation]
 74643 | Zot:5    | Gained mutation: You are weak. (Str -2) [potion of
                  | mutation]
 74643 | Zot:5    | Lost mutation: You do not regenerate when monsters are
                  | visible. [potion of mutation]
 74643 | Zot:5    | Gained mutation: You are highly strong-willed. (Will++)
                  | [potion of mutation]
 74643 | Zot:5    | Gained mutation: You have a beak for a mouth. [potion of
                  | mutation]
 74646 | Zot:5    | Noticed an ancient lich
 74660 | Zot:5    | Gained mutation: Your body sometimes deteriorates upon
                  | taking damage. [an orb of fire]
 74665 | Zot:5    | Killed an orb of fire
 75191 | Zot:5    | Got the Orb of Zot
 75206 | Zot:5    | Noticed an orb of fire
 75315 | Depths:4 | Noticed Efumn the pandemonium lord
 75478 | D:14     | Noticed Quivip the pandemonium lord
 75496 | D:14     | Killed Quivip the pandemonium lord
 75615 | D:10     | Noticed a seraph
 75791 | D:$      | Escaped with the Orb!

Illustrated notes

Levels and vault maps discovered:
D:1:      lightli_arrival_maybe_door_vault, layout_basic, minmay_split_cup_small
D:2:      layout_loops_cross, nicolae_ecumenical_lake_church,
          serial_bayou_pond_e, uniq_natasha
D:3:      layout_basic, fedhas_ov_isle_minmay, st_stairs_1
D:4:      lemuel_castle_with_subvaults [lemuel_castle_interior_carwin_1],
          layout_loops_corners, ashenzari_conservatory_becter,
          mainiacjoe_overflow_six_doors_small, mainiacjoe_overflow_cross_hatched
D:5:      layout_basic, trog_butcher_becter, gammafunk_temple_overflow_statue,
          temple_fountains, roderic_roman_lattice,
          nicolae_shop_i_like_small_books_too
D:6:      layout_rooms, serial_aquarium, aquarium_bridge_square
          [aquarium_subvault_bridge, aquarium_subvault_bridge,
          aquarium_subvault_balcony, aquarium_subvault_wall],
          aquarium_window_fake, aquarium_window_fake, aquarium_window_1,
          aquarium_view_2f, aquarium_balcony_double_2,
          hellmonk_guarded_unrand_hermit
D:7:      layout_loops_ring, kennysheep_little_box,
          mainiacjoe_overflow_surrounded_room, serial_shops,
          nicolae_lakefront_shop, kennysheep_mini, skrybe_limestone_x,
          nicolae_custom_books
D:8:      layout_rooms, nicolae_ru_awakened_eye, chequers_serial_rivers_small_b
D:9:      layout_small_grid, david_orc_4, dilly_guarded_unrand_morg
D:10:     layout_irregular_city, mainiacjoe_overflow_small_starburst,
          yredelemnul_altar_generic, grunt_lair_entry_orc_guard_hut,
          minmay_mirror_moons_of_madness, uniq_harold
D:11:     layout_loops_ring
D:12:     layout_basic
D:13:     layout_grid_maze, hellmonk_vaults_attempted_burglary
D:14:     dpeg_index_elf_rogue_hall, layout_loops_ring, gauntlet_entry_generic,
          infiniplex_staircase_zigzag_5, nzn_wu_jian_council_hall, uniq_lodul
D:15:     hangedman_depths_entry_try_elsewhere_first, layout_cave_pools,
          serial_shops, nicolae_diamond_shop, dreamdust_princess_bridge
Temple:   hellmonk_temple_flake
Lair:1:   layout_regular_city, dpeg_stationary_puzzle
Lair:2:   layout_roguey
Lair:3:   layout_long_grid, nicolae_shoals_entry_flooding, dummy_snake_entry,
          serial_bayou, serial_bayou_crossing, serial_bayou_lagoon_a,
          serial_bayou_lake_a, serial_bayou_pond_a,
          nicolae_quartered_pool_super, nzn_sisyphean_effort
Lair:4:   layout_roguey [special_room_mythical_zoo],
          nicolae_slime_entry_field_trip, kennysheep_abandoned_house,
          grunt_megastairs_4
Lair:5:   hangedman_lair_caniforms_friends, layout_long_grid,
          hangedman_lair_tendril_chambers
Shoals:1: layout_shoals, ebering_ghost_rock_garden, nicolae_shoals_gull_way
Shoals:2: layout_shoals, portal_ice_cave_entry_pillars_2,
          gammafunk_ghost_berserking_beasts, nicolae_shoals_bring_sunscreen
Shoals:3: layout_shoals, hangedman_feature_mirror
Shoals:4: shoals_end_simple, layout_shoals, nicolae_shop_firing_range
Snake:1:  layout_grid_shapes, serial_bayou, serial_bayou_pond_c,
          serial_bayou_shore_b, serial_bayou_ford_a, serial_bayou_pond_a,
          minmay_shop_star, uniq_frances
Snake:2:  layout_misc_corridors, serial_bayou_pond_e, uniq_louise
Snake:3:  layout_honeycomb, ebering_ghost_gozag
Snake:4:  snake_pit, layout_basic, lemuel_fruit_tree, minmay_shop_grove
Orc:1:    layout_diamond_mine, gammafunk_ghost_smash
Orc:2:    st_orc_rangers, layout_diamond_mine, serial_shops,
          nicolae_shop_statue_plus, monkooky_shop_alliterative, uniq_josephine
Elf:1:    eino_elf_arrival_altar, layout_loops_corners, kilobyte_rumbling_trees,
          abandoned_shop, grunt_megastairs_2
Elf:2:    nicolae_elf_blades_splatter_lattice [nicolae_blade_entry_antechamber],
          layout_rooms, ebering_ghost_reflecting_pool,
          nicolae_elf_deep_friendship
Elf:3:    minmay_elf_hall_dome, layout_loops_corners,
          gammafunk_ghost_fury_of_okawaru, solitary_fountain, minivault_28
Vaults:1: nicolae_vaults_more_shelving_2, hangedman_vaults_maws,
          nicolae_vaults_murderbox, nicolae_vaults_circle_grid_b,
          nicolae_vaults_windows_and_doors_thing,
          nicolae_vaults_network_quinsquares
          [nicolae_vaults_network_quincunx_subvault,
          nicolae_vaults_network_quincunx_subvault,
          nicolae_vaults_network_quincunx_subvault,
          nicolae_vaults_network_quincunx_subvault],
          nicolae_vaults_taking_the_gang_shopping, grunt_vaults_trifunnel,
          ontoclasm_vaults_loading_screen, nicolae_vaults_circle_grid_b,
          serial_library_hellmonk_open_cross, nicolae_vaults_diamond_1,
          layout_vaults_maze_bifur
Vaults:2: ebering_ghost_rock_garden, nicolae_vaults_disjoint_gnomons,
          vaults_dpeg_encased_lava, nicolae_vaults_corridor_and_loot_room,
          nicolae_vaults_house_3, hangedman_vaults_cutoff,
          ontoclasm_vaults_twist, hangedman_vaults_trim,
          dpeg_vaults_monster_box, nicolae_vaults_diamond_1,
          layout_vaults_quadrants
Vaults:3: nicolae_vaults_inception_corners, grunt_vaults_diagonal,
          vaults_room_fours, nicolae_vaults_two_Ls, v_misc_9,
          vaults_room_ringed_pool, nicolae_vaults_trapezoid_2,
          nicolae_vaults_border_crossing, v_alt_pattern_6, vaults_dpeg_diagonal,
          nicolae_vaults_surprise_closet, nicolae_vaults_variable_pillar_hall,
          nicolae_vaults_quadrants, minmay_crypt_entry_simple_corners,
          serial_library_hellmonk_open_square, v_misc_16,
          nicolae_vaults_tangram_1, layout_vaults_omnibox, uniq_boris
Vaults:4: v_pattern_4, v_misc_29, vaults_mumra_hexcomb,
          ontoclasm_vaults_claustrophobia, nicolae_vaults_three_branches,
          serial_library_hellmonk_semicircle, nicolae_vaults_cornered_office,
          nicolae_vaults_storage_closets_3, ontoclasm_vaults_ring_small,
          nicolae_vaults_display_case, hangedman_vaults_impose,
          nicolae_vaults_tetromino_Z_1, v_misc_24, nicolae_vaults_house_1,
          nicolae_vaults_house_2, layout_vaults_ring, serial_shops,
          bzr_entry_gold
Depths:1: layout_honeycomb, hell_entry, glass_columns_a,
          evilmike_spriggan_trog_shrine, roderic_lattice_octagonal_star
Depths:2: hangedman_box_tower, layout_long_grid, pan_entry, lightli_too_deep,
          item_on_display_a, uniq_asterion, uniq_saint_roka
Depths:3: minmay_slanted_spiral_squares, layout_honeycomb, enter_ziggurat_b,
          serial_shops, shop, abyss_entry, pan_entry, grunt_hell_entry_dis_mu,
          gammafunk_ghost_cemetery, uniq_josephina
Depths:4: grunt_zot_entry_gee_three, layout_twisted_cross, serial_shops,
          nicolae_shop_behind_doors, hell_entry
Zot:1:    regret_index_zot_pan_timeshare, layout_cathedral_of_symmetry
Zot:2:    layout_gridlike, regret_index_zotdec_carving_tricks,
          hangedman_player_shredder, lemuel_elevator
Zot:3:    layout_misc_corridors, bh_zot_levy_curve, basic_altar,
          st_large_dragon_hoard_3
Zot:4:    layout_gridville, regret_index_zotdec_silver_v_v_orig_slice,
          st_stairs_13
Zot:5:    layout_basic

Skill      XL: |  1  2  3  4  5  6  7  8  9 10 11 12 13 14 15 16 17 18 19 20 21 22 23 24 25 26 27 |
---------------+----------------------------------------------------------------------------------+-----
Polearms       | 5 6 7 8 9 10 11 14 15 16 18 19 | 19.8
Stealth        | 1 2 4 8 9 10 11 | 11.8
Hexes          | 1 3 5 |  5.0
Invocations    | 2 4 11 14 15 16 | 16.0
Fighting       | 5 8 10 14 15 16 18 19 | 19.0
Dodging        | 5 7 8 9 13 15 16 17 18 19 | 19.0
Shields        | 6 11 14 15 16 19 | 19.0
Throwing       | 3 8 9 |  9.6
Evocations     | 3 7 9 10 11 14 | 14.0
Armour         | 2 5 7 |  7.1
Necromancy     | 2 6 7 12 15 16 | 16.0
Shapeshifting  | 11 16 17 18 19 | 19.0
Spellcasting   | 5 |  5.0
Translocations | 4 9 |  9.0
Air Magic      | 4 9 |  9.0

Action                     |  1- 3 |  4- 6 |  7- 9 | 10-12 | 13-15 | 16-18 | 19-21 | 22-24 | 25-27 || total
---------------------------+-------+-------+-------+-------+-------+-------+-------+-------+-------++-------
  Melee: Spear             |   123 |   202 |    86 |       |       |       |       |       |       ||   411
         Tailslap          |       |     2 |     4 |       |       |       |       |       |       ||     6
         Trident           |       |       |   395 |   847 |    21 |       |       |       |       ||  1263
         Halberd           |       |       |       |   156 |  1857 |       |       |       |       ||  2013
         Lochaber axe      |       |       |       |       |    28 |   844 |       |       |       ||   872
         Demon trident     |       |       |       |       |       |   317 |  1409 |  1520 |  1212 ||  4458
         Headbutt          |       |       |       |       |       |       |       |       |    38 ||    38
         Peck              |       |       |       |       |       |       |       |       |    25 ||    25
  Throw: Dart              |       |     3 |       |     3 |    10 |       |       |       |       ||    16
         Javelin           |       |       |       |       |     7 |       |     5 |     2 |     4 ||    18
         Throwing net      |       |       |       |       |       |       |       |       |     2 ||     2
   Cast: Fugue of the Fall |       |       |       |       |       |       |     6 |    24 |    31 ||    61
         Death Channel     |       |       |       |       |       |       |       |    11 |    26 ||    37
         Vhi's Electric Ch |       |       |       |       |       |       |       |       |     5 ||     5
 Invoke: Draw Summoning    |       |       |       |     1 |     6 |     7 |     9 |     6 |    14 ||    43
         Draw Destruction  |       |       |       |     7 |    34 |    24 |    25 |    13 |     7 ||   110
         Stack Five        |       |       |       |       |       |       |     1 |       |     1 ||     2
         Draw Stack        |       |       |       |       |       |       |     2 |       |       ||     2
         Draw Escape       |       |       |       |       |       |       |       |       |     9 ||     9
  Evoke: Wand              |       |       |       |       |       |     2 |       |     3 |     9 ||    14
         Condenser vane    |       |       |       |       |       |     1 |     1 |       |       ||     2
         Box of beasts     |       |       |       |       |       |       |       |     1 |     2 ||     3
    Use: Scroll            |       |       |     6 |     5 |    15 |    14 |    10 |     4 |    14 ||    68
         Potion            |       |       |       |     4 |       |     6 |     3 |     2 |    25 ||    40
   Stab: Sleeping          |       |     1 |     1 |     6 |     5 |     6 |    16 |    37 |    11 ||    83
         Distracted        |       |     1 |       |     3 |     4 |     4 |     6 |     8 |    12 ||    38
         Petrified         |       |       |       |       |     2 |       |       |     2 |       ||     4
         Petrifying        |       |       |       |       |     1 |       |       |     1 |       ||     2
         Confused          |       |       |       |       |       |       |     2 |       |       ||     2
         Paralysed         |       |       |       |       |       |       |       |       |     1 ||     1
         Held in net/web   |       |       |       |       |       |       |       |       |     3 ||     3
 Armour: Robe              |    16 |       |       |       |       |       |       |       |       ||    16
         Ring mail         |    28 |    83 |   187 |   261 |   552 |   348 |       |       |       ||  1459
         Chain mail        |       |       |       |       |       |   141 |   385 |       |       ||   526
         Skin              |       |       |       |       |       |       |   200 |   940 |   933 ||  2073
  Dodge: Dodged            |    61 |    77 |   157 |   548 |  1879 |  1236 |   833 |  1393 |  1322 ||  7506
  Block: Kite shield       |       |       |       |       |       |   127 |  1057 |  1607 |  1357 ||  4148
   Form: Statue            |       |       |       |       |       |       |     1 |       |     1 ||     2
                           |       |       |       |       |       |       |       |       |     1 ||     1

Table legend: (Time is in decaauts)
 A = Elapsed time spent in this place.
 B = Non-inter-level travel time spent in this place.
 C = Inter-level travel time spent in this place.
 D = Time resting spent in this place.
 E = Time spent auto-exploring this place.
 F = Levels seen in this place.
 G = Mean time per level.
                   A        B        C        D        E       F      G
               +--------+--------+--------+--------+--------+-----+--------+
         Total |  85983 |  73023 |  12960 |  17715 |  38372 |  55 | 1563.3 |
       Dungeon |  28478 |  22858 |   5620 |   8390 |  10507 |  15 | 1898.5 |
        Temple |      4 |      4 |      0 |      0 |      0 |   1 |    4.0 |
          Lair |   8176 |   7620 |    556 |   1483 |   4158 |   5 | 1635.2 |
        Shoals |   3673 |   3523 |    150 |    586 |   1954 |   4 |  918.2 |
     Snake Pit |   4268 |   3873 |    395 |    594 |   2289 |   4 | 1067.0 |
  Orcish Mines |   1998 |    979 |   1019 |    195 |    514 |   2 |  999.0 |
   Elven Halls |   6555 |   5189 |   1366 |   1187 |   2883 |   3 | 2185.0 |
        Vaults |   6876 |   6105 |    771 |    265 |   4386 |   4 | 1719.0 |
        Depths |  10694 |   9005 |   1689 |   1599 |   5492 |   4 | 2673.5 |
           Zot |  13185 |  11797 |   1388 |   3164 |   5525 |   5 | 2637.0 |
         Abyss |    805 |    805 |      0 |    123 |      0 |   5 |  161.0 |
        Bazaar |    123 |    123 |      0 |      0 |     94 |   1 |  123.0 |
      Ice Cave |    816 |    816 |      0 |    115 |    419 |   1 |  816.0 |
      Gauntlet |    327 |    327 |      0 |     10 |    147 |   1 |  327.0 |
               +--------+--------+--------+--------+--------+-----+--------+

Top non-repeatable levels by time:
   Zot:5: 3306 daAuts
Depths:4: 3236 daAuts
   Zot:1: 3180 daAuts
    D:12: 3094 daAuts
Depths:2: 2942 daAuts
     D:4: 2903 daAuts
   Zot:2: 2880 daAuts
   Elf:3: 2874 daAuts
  Lair:5: 2607 daAuts
Depths:3: 2579 daAuts
   Zot:4: 2572 daAuts
     D:9: 2496 daAuts
    D:10: 2432 daAuts
    D:14: 2384 daAuts
   Elf:2: 1984 daAuts
